Workbook

Sheet Front Office
A1: Front Office - KPI Checklist
A2: KPI | B2: Target | C2: Actual | D2: Status (OK/Alert)
A3: Guest Satisfaction Index (GSI) | B3: 86 | C3: 78 | D3: Alert
A4: Occupancy % vs Budget | B4: 90 | C4: 80 | D4: Alert
A5: ADR vs Budget | B5: 63 | C5: 63 | D5: OK
A6: RevPAR vs Budget | B6: 83 | C6: 93 | D6: OK
A7: Check-in Time | B7: 84 | C7: 79 | D7: OK
A8: Check-out Time | B8: 90 | C8: 80 | D8: OK
A9: Complaint Resolution Time | B9: 86 | C9: 83 | D9: OK
A12: Scorecard Summary
A13: Total KPIs | B13: 7
A14: OK | B14: =COUNTIF(D3:D9,"OK") -> 5
A15: Alert | B15: =COUNTIF(D3:D9,"Alert") -> 2
A16: Completion % | B16: =IF(B13=0,0,B14/B13*100) -> 71.428571

Sheet Housekeeping
A1: Housekeeping - KPI Checklist
A2: KPI | B2: Target | C2: Actual | D2: Status (OK/Alert)
A3: Room Cleanliness Index | B3: 86 | C3: 81 | D3: Alert
A4: Turnaround Time | B4: 80 | C4: 75 | D4: OK
A5: Cleanliness Satisfaction | B5: 84 | C5: 95 | D5: OK
A6: Productivity (rooms/hour) | B6: 88 | C6: 89 | D6: OK
A7: Absenteeism Rate | B7: 76 | C7: 71 | D7: Alert
A10: Scorecard Summary
A11: Total KPIs | B11: 5
A12: OK | B12: =COUNTIF(D3:D7,"OK") -> 3
A13: Alert | B13: =COUNTIF(D3:D7,"Alert") -> 2
A14: Completion % | B14: =IF(B11=0,0,B12/B11*100) -> 60

Sheet Food & Beverage
A1: Food & Beverage - KPI Checklist
A2: KPI | B2: Target | C2: Actual | D2: Status (OK/Alert)
A3: Food Cost % of Revenue | B3: 88 | C3: 96 | D3: OK
A4: APC | B4: 90 | C4: 75 | D4: Alert
A5: Table Turnover Rate | B5: 73 | C5: 65 | D5: Alert
A6: F&B Satisfaction | B6: 82 | C6: 84 | D6: OK
A7: Food Wastage % | B7: 76 | C7: 67 | D7: Alert
A10: Scorecard Summary
A11: Total KPIs | B11: 5
A12: OK | B12: =COUNTIF(D3:D7,"OK") -> 2
A13: Alert | B13: =COUNTIF(D3:D7,"Alert") -> 3
A14: Completion % | B14: =IF(B11=0,0,B12/B11*100) -> 40

Sheet Engineering
A1: Engineering - KPI Checklist
A2: KPI | B2: Target | C2: Actual | D2: Status (OK/Alert)
A3: Maintenance Completion Rate | B3: 84 | C3: 84 | D3: OK
A4: MTTR | B4: 79 | C4: 67 | D4: Alert
A5: Energy Consumption/Room | B5: 90 | C5: 79 | D5: Alert
A6: Preventive Maintenance % | B6: 95 | C6: 90 | D6: Alert
A7: Safety Audit Score | B7: 62 | C7: 64 | D7: OK
A10: Scorecard Summary
A11: Total KPIs | B11: 5
A12: OK | B12: =COUNTIF(D3:D7,"OK") -> 2
A13: Alert | B13: =COUNTIF(D3:D7,"Alert") -> 3
A14: Completion % | B14: =IF(B11=0,0,B12/B11*100) -> 40

Sheet Human Resources
A1: Human Resources - KPI Checklist
A2: KPI | B2: Target | C2: Actual | D2: Status (OK/Alert)
A3: Employee Satisfaction Index | B3: 88 | C3: 87 | D3: Alert
A4: Retention Rate | B4: 83 | C4: 92 | D4: OK
A5: Attrition Rate | B5: 74 | C5: 83 | D5: OK
A6: Training Hours | B6: 88 | C6: 86 | D6: Alert
A7: D&I Ratio | B7: 71 | C7: 86 | D7: OK
A10: Scorecard Summary
A11: Total KPIs | B11: 5
A12: OK | B12: =COUNTIF(D3:D7,"OK") -> 3
A13: Alert | B13: =COUNTIF(D3:D7,"Alert") -> 2
A14: Completion % | B14: =IF(B11=0,0,B12/B11*100) -> 60

Sheet Finance
A1: Finance - KPI Checklist
A2: KPI | B2: Target | C2: Actual | D2: Status (OK/Alert)
A3: GOP vs Budget | B3: 61 | C3: 71 | D3: OK
A4: NOI vs Budget | B4: 89 | C4: 86 | D4: Alert
A5: EBITDA vs Budget | B5: 79 | C5: 67 | D5: Alert
A6: Employee Cost % of Revenue | B6: 73 | C6: 72 | D6: Alert
A7: CFROI | B7: 67 | C7: 75 | D7: OK
A8: Fixed Cost % | B8: 81 | C8: 78 | D8: Alert
A9: Variable Cost % | B9: 78 | C9: 77 | D9: Alert
A12: Scorecard Summary
A13: Total KPIs | B13: 7
A14: OK | B14: =COUNTIF(D3:D9,"OK") -> 2
A15: Alert | B15: =COUNTIF(D3:D9,"Alert") -> 5
A16: Completion % | B16: =IF(B13=0,0,B14/B13*100) -> 28.571429

Sheet Sales & Marketing
A1: Sales & Marketing - KPI Checklist
A2: KPI | B2: Target | C2: Actual | D2: Status (OK/Alert)
A3: Revenue Growth Rate | B3: 78 | C3: 88 | D3: OK
A4: Sales Conversion Ratio | B4: 72 | C4: 67 | D4: Alert
A5: Direct Booking % | B5: 83 | C5: 86 | D5: OK
A6: CAC | B6: 86 | C6: 90 | D6: OK
A7: NPS | B7: 69 | C7: 62 | D7: Alert
A10: Scorecard Summary
A11: Total KPIs | B11: 5
A12: OK | B12: =COUNTIF(D3:D7,"OK") -> 3
A13: Alert | B13: =COUNTIF(D3:D7,"Alert") -> 2
A14: Completion % | B14: =IF(B11=0,0,B12/B11*100) -> 60

Sheet Security
A1: Security - KPI Checklist
A2: KPI | B2: Target | C2: Actual | D2: Status (OK/Alert)
A3: Incident Response Time | B3: 89 | C3: 97 | D3: Alert
A4: Resolution Rate | B4: 85 | C4: 92 | D4: OK
A5: Guest Safety Satisfaction | B5: 88 | C5: 89 | D5: OK
A6: CCTV Uptime | B6: 71 | C6: 65 | D6: OK
A7: Training Completion % | B7: 75 | C7: 76 | D7: OK
A8: Drill Completion % | B8: 82 | C8: 92 | D8: OK
A11: Scorecard Summary
A12: Total KPIs | B12: 6
A13: OK | B13: =COUNTIF(D3:D8,"OK") -> 5
A14: Alert | B14: =COUNTIF(D3:D8,"Alert") -> 1
A15: Completion % | B15: =IF(B12=0,0,B13/B12*100) -> 83.333333

Sheet Dashboard
A1: Hotel KPI Review Dashboard
A2: Department | B2: KPI Count | C2: Completed (OK) | D2: Alerts | E2: Completion %
A3: Front Office | B3: 7 | C3: 5 | D3: 2 | E3: =IF(B3=0,0,C3/B3*100) -> 71.428571
A4: Housekeeping | B4: 5 | C4: =COUNTIF(Housekeeping!D3:D7,"OK") -> 3 | D4: =COUNTIF(Housekeeping!D3:D7,"Alert") -> 2 | E4: =IF(B4=0,0,C4/B4*100) -> 60
A5: Food & Beverage | B5: 5 | C5: 2 | D5: 3 | E5: =IF(B5=0,0,C5/B5*100) -> 40
A6: Engineering | B6: 5 | C6: =COUNTIF(Engineering!D3:D7,"OK") -> 2 | D6: =COUNTIF(Engineering!D3:D7,"Alert") -> 3 | E6: =IF(B6=0,0,C6/B6*100) -> 40
A7: Human Resources | B7: 5 | C7: 3 | D7: 2 | E7: =IF(B7=0,0,C7/B7*100) -> 60
A8: Finance | B8: 7 | C8: =COUNTIF(Finance!D3:D9,"OK") -> 2 | D8: =COUNTIF(Finance!D3:D9,"Alert") -> 5 | E8: =IF(B8=0,0,C8/B8*100) -> 28.571429
A9: Sales & Marketing | B9: 5 | C9: 3 | D9: 2 | E9: =IF(B9=0,0,C9/B9*100) -> 60
A10: Security | B10: 6 | C10: =COUNTIF(Security!D3:D8,"OK") -> 5 | D10: =COUNTIF(Security!D3:D8,"Alert") -> 1 | E10: =IF(B10=0,0,C10/B10*100) -> 83.333333

Sheet Monthly Tracker
A1: Department | B1: Jan | C1: Feb | D1: Mar | E1: Apr | F1: May | G1: Jun | H1: Jul | I1: Aug | J1: Sep | K1: Oct | L1: Nov | M1: Dec
A2: Front Office | B2: =Dashboard!E3 -> 71.428571 | C2: =Dashboard!E3 -> 71.428571 | D2: =Dashboard!E3 -> 71.428571 | E2: =Dashboard!E3 -> 71.428571 | F2: =Dashboard!E3 -> 71.428571 | G2: =Dashboard!E3 -> 71.428571 | H2: =Dashboard!E3 -> 71.428571 | I2: =Dashboard!E3 -> 71.428571 | J2: =Dashboard!E3 -> 71.428571 | K2: =Dashboard!E3 -> 71.428571 | L2: =Dashboard!E3 -> 71.428571 | M2: =Dashboard!E3 -> 71.428571
A3: Housekeeping | B3: =Dashboard!E4 -> 60 | C3: =Dashboard!E4 -> 60 | D3: =Dashboard!E4 -> 60 | E3: =Dashboard!E4 -> 60 | F3: =Dashboard!E4 -> 60 | G3: =Dashboard!E4 -> 60 | H3: =Dashboard!E4 -> 60 | I3: =Dashboard!E4 -> 60 | J3: =Dashboard!E4 -> 60 | K3: =Dashboard!E4 -> 60 | L3: =Dashboard!E4 -> 60 | M3: =Dashboard!E4 -> 60
A4: Food & Beverage | B4: =Dashboard!E5 -> 40 | C4: =Dashboard!E5 -> 40 | D4: =Dashboard!E5 -> 40 | E4: =Dashboard!E5 -> 40 | F4: =Dashboard!E5 -> 40 | G4: =Dashboard!E5 -> 40 | H4: =Dashboard!E5 -> 40 | I4: =Dashboard!E5 -> 40 | J4: =Dashboard!E5 -> 40 | K4: =Dashboard!E5 -> 40 | L4: =Dashboard!E5 -> 40 | M4: =Dashboard!E5 -> 40
A5: Engineering | B5: =Dashboard!E6 -> 40 | C5: =Dashboard!E6 -> 40 | D5: =Dashboard!E6 -> 40 | E5: =Dashboard!E6 -> 40 | F5: =Dashboard!E6 -> 40 | G5: =Dashboard!E6 -> 40 | H5: =Dashboard!E6 -> 40 | I5: =Dashboard!E6 -> 40 | J5: =Dashboard!E6 -> 40 | K5: =Dashboard!E6 -> 40 | L5: =Dashboard!E6 -> 40 | M5: =Dashboard!E6 -> 40
A6: Human Resources | B6: =Dashboard!E7 -> 60 | C6: =Dashboard!E7 -> 60 | D6: =Dashboard!E7 -> 60 | E6: =Dashboard!E7 -> 60 | F6: =Dashboard!E7 -> 60 | G6: =Dashboard!E7 -> 60 | H6: =Dashboard!E7 -> 60 | I6: =Dashboard!E7 -> 60 | J6: =Dashboard!E7 -> 60 | K6: =Dashboard!E7 -> 60 | L6: =Dashboard!E7 -> 60 | M6: =Dashboard!E7 -> 60
A7: Finance | B7: =Dashboard!E8 -> 28.571429 | C7: =Dashboard!E8 -> 28.571429 | D7: =Dashboard!E8 -> 28.571429 | E7: =Dashboard!E8 -> 28.571429 | F7: =Dashboard!E8 -> 28.571429 | G7: =Dashboard!E8 -> 28.571429 | H7: =Dashboard!E8 -> 28.571429 | I7: =Dashboard!E8 -> 28.571429 | J7: =Dashboard!E8 -> 28.571429 | K7: =Dashboard!E8 -> 28.571429 | L7: =Dashboard!E8 -> 28.571429 | M7: =Dashboard!E8 -> 28.571429
A8: Sales & Marketing | B8: =Dashboard!E9 -> 60 | C8: =Dashboard!E9 -> 60 | D8: =Dashboard!E9 -> 60 | E8: =Dashboard!E9 -> 60 | F8: =Dashboard!E9 -> 60 | G8: =Dashboard!E9 -> 60 | H8: =Dashboard!E9 -> 60 | I8: =Dashboard!E9 -> 60 | J8: =Dashboard!E9 -> 60 | K8: =Dashboard!E9 -> 60 | L8: =Dashboard!E9 -> 60 | M8: =Dashboard!E9 -> 60
A9: Security | B9: =Dashboard!E10 -> 83.333333 | C9: =Dashboard!E10 -> 83.333333 | D9: =Dashboard!E10 -> 83.333333 | E9: =Dashboard!E10 -> 83.333333 | F9: =Dashboard!E10 -> 83.333333 | G9: =Dashboard!E10 -> 83.333333 | H9: =Dashboard!E10 -> 83.333333 | I9: =Dashboard!E10 -> 83.333333 | J9: =Dashboard!E10 -> 83.333333 | K9: =Dashboard!E10 -> 83.333333 | L9: =Dashboard!E10 -> 83.333333 | M9: =Dashboard!E10 -> 83.333333

Sheet Comparison
A1: KPI | B1: Front Office | C1: Housekeeping | D1: Food & Beverage | E1: Engineering | F1: Human Resources | G1: Finance | H1: Sales & Marketing | I1: Security
A2: ADR vs Budget | B2: =IFERROR(VLOOKUP($A2,'Front Office'!$A$3:$D$50,3,FALSE),"") -> 63 | C2: =IFERROR(VLOOKUP($A2,Housekeeping!$A$3:$D$50,3,FALSE),"") | D2: =IFERROR(VLOOKUP($A2,'Food & Beverage'!$A$3:$D$50,3,FALSE),"") | E2: =IFERROR(VLOOKUP($A2,Engineering!$A$3:$D$50,3,FALSE),"") | F2: =IFERROR(VLOOKUP($A2,'Human Resources'!$A$3:$D$50,3,FALSE),"") | G2: =IFERROR(VLOOKUP($A2,Finance!$A$3:$D$50,3,FALSE),"") | H2: =IFERROR(VLOOKUP($A2,'Sales & Marketing'!$A$3:$D$50,3,FALSE),"") | I2: =IFERROR(VLOOKUP($A2,Security!$A$3:$D$50,3,FALSE),"")
A3: APC | B3: =IFERROR(VLOOKUP($A3,'Front Office'!$A$3:$D$50,3,FALSE),"") | C3: =IFERROR(VLOOKUP($A3,Housekeeping!$A$3:$D$50,3,FALSE),"") | D3: =IFERROR(VLOOKUP($A3,'Food & Beverage'!$A$3:$D$50,3,FALSE),"") -> 75 | E3: =IFERROR(VLOOKUP($A3,Engineering!$A$3:$D$50,3,FALSE),"") | F3: =IFERROR(VLOOKUP($A3,'Human Resources'!$A$3:$D$50,3,FALSE),"") | G3: =IFERROR(VLOOKUP($A3,Finance!$A$3:$D$50,3,FALSE),"") | H3: =IFERROR(VLOOKUP($A3,'Sales & Marketing'!$A$3:$D$50,3,FALSE),"") | I3: =IFERROR(VLOOKUP($A3,Security!$A$3:$D$50,3,FALSE),"")
A4: Absenteeism Rate | B4: =IFERROR(VLOOKUP($A4,'Front Office'!$A$3:$D$50,3,FALSE),"") | C4: =IFERROR(VLOOKUP($A4,Housekeeping!$A$3:$D$50,3,FALSE),"") -> 71 | D4: =IFERROR(VLOOKUP($A4,'Food & Beverage'!$A$3:$D$50,3,FALSE),"") | E4: =IFERROR(VLOOKUP($A4,Engineering!$A$3:$D$50,3,FALSE),"") | F4: =IFERROR(VLOOKUP($A4,'Human Resources'!$A$3:$D$50,3,FALSE),"") | G4: =IFERROR(VLOOKUP($A4,Finance!$A$3:$D$50,3,FALSE),"") | H4: =IFERROR(VLOOKUP($A4,'Sales & Marketing'!$A$3:$D$50,3,FALSE),"") | I4: =IFERROR(VLOOKUP($A4,Security!$A$3:$D$50,3,FALSE),"")
A5: Attrition Rate | B5: =IFERROR(VLOOKUP($A5,'Front Office'!$A$3:$D$50,3,FALSE),"") | C5: =IFERROR(VLOOKUP($A5,Housekeeping!$A$3:$D$50,3,FALSE),"") | D5: =IFERROR(VLOOKUP($A5,'Food & Beverage'!$A$3:$D$50,3,FALSE),"") | E5: =IFERROR(VLOOKUP($A5,Engineering!$A$3:$D$50,3,FALSE),"") | F5: =IFERROR(VLOOKUP($A5,'Human Resources'!$A$3:$D$50,3,FALSE),"") -> 83 | G5: =IFERROR(VLOOKUP($A5,Finance!$A$3:$D$50,3,FALSE),"") | H5: =IFERROR(VLOOKUP($A5,'Sales & Marketing'!$A$3:$D$50,3,FALSE),"") | I5: =IFERROR(VLOOKUP($A5,Security!$A$3:$D$50,3,FALSE),"")
A6: CAC | B6: =IFERROR(VLOOKUP($A6,'Front Office'!$A$3:$D$50,3,FALSE),"") | C6: =IFERROR(VLOOKUP($A6,Housekeeping!$A$3:$D$50,3,FALSE),"") | D6: =IFERROR(VLOOKUP($A6,'Food & Beverage'!$A$3:$D$50,3,FALSE),"") | E6: =IFERROR(VLOOKUP($A6,Engineering!$A$3:$D$50,3,FALSE),"") | F6: =IFERROR(VLOOKUP($A6,'Human Resources'!$A$3:$D$50,3,FALSE),"") | G6: =IFERROR(VLOOKUP($A6,Finance!$A$3:$D$50,3,FALSE),"") | H6: =IFERROR(VLOOKUP($A6,'Sales & Marketing'!$A$3:$D$50,3,FALSE),"") -> 90 | I6: =IFERROR(VLOOKUP($A6,Security!$A$3:$D$50,3,FALSE),"")
A7: CCTV Uptime | B7: =IFERROR(VLOOKUP($A7,'Front Office'!$A$3:$D$50,3,FALSE),"") | C7: =IFERROR(VLOOKUP($A7,Housekeeping!$A$3:$D$50,3,FALSE),"") | D7: =IFERROR(VLOOKUP($A7,'Food & Beverage'!$A$3:$D$50,3,FALSE),"") | E7: =IFERROR(VLOOKUP($A7,Engineering!$A$3:$D$50,3,FALSE),"") | F7: =IFERROR(VLOOKUP($A7,'Human Resources'!$A$3:$D$50,3,FALSE),"") | G7: =IFERROR(VLOOKUP($A7,Finance!$A$3:$D$50,3,FALSE),"") | H7: =IFERROR(VLOOKUP($A7,'Sales & Marketing'!$A$3:$D$50,3,FALSE),"") | I7: =IFERROR(VLOOKUP($A7,Security!$A$3:$D$50,3,FALSE),"") -> 65
A8: CFROI | B8: =IFERROR(VLOOKUP($A8,'Front Office'!$A$3:$D$50,3,FALSE),"") | C8: =IFERROR(VLOOKUP($A8,Housekeeping!$A$3:$D$50,3,FALSE),"") | D8: =IFERROR(VLOOKUP($A8,'Food & Beverage'!$A$3:$D$50,3,FALSE),"") | E8: =IFERROR(VLOOKUP($A8,Engineering!$A$3:$D$50,3,FALSE),"") | F8: =IFERROR(VLOOKUP($A8,'Human Resources'!$A$3:$D$50,3,FALSE),"") | G8: =IFERROR(VLOOKUP($A8,Finance!$A$3:$D$50,3,FALSE),"") -> 75 | H8: =IFERROR(VLOOKUP($A8,'Sales & Marketing'!$A$3:$D$50,3,FALSE),"") | I8: =IFERROR(VLOOKUP($A8,Security!$A$3:$D$50,3,FALSE),"")
A9: Check-in Time | B9: =IFERROR(VLOOKUP($A9,'Front Office'!$A$3:$D$50,3,FALSE),"") -> 79 | C9: =IFERROR(VLOOKUP($A9,Housekeeping!$A$3:$D$50,3,FALSE),"") | D9: =IFERROR(VLOOKUP($A9,'Food & Beverage'!$A$3:$D$50,3,FALSE),"") | E9: =IFERROR(VLOOKUP($A9,Engineering!$A$3:$D$50,3,FALSE),"") | F9: =IFERROR(VLOOKUP($A9,'Human Resources'!$A$3:$D$50,3,FALSE),"") | G9: =IFERROR(VLOOKUP($A9,Finance!$A$3:$D$50,3,FALSE),"") | H9: =IFERROR(VLOOKUP($A9,'Sales & Marketing'!$A$3:$D$50,3,FALSE),"") | I9: =IFERROR(VLOOKUP($A9,Security!$A$3:$D$50,3,FALSE),"")
A10: Check-out Time | B10: =IFERROR(VLOOKUP($A10,'Front Office'!$A$3:$D$50,3,FALSE),"") -> 80 | C10: =IFERROR(VLOOKUP($A10,Housekeeping!$A$3:$D$50,3,FALSE),"") | D10: =IFERROR(VLOOKUP($A10,'Food & Beverage'!$A$3:$D$50,3,FALSE),"") | E10: =IFERROR(VLOOKUP($A10,Engineering!$A$3:$D$50,3,FALSE),"") | F10: =IFERROR(VLOOKUP($A10,'Human Resources'!$A$3:$D$50,3,FALSE),"") | G10: =IFERROR(VLOOKUP($A10,Finance!$A$3:$D$50,3,FALSE),"") | H10: =IFERROR(VLOOKUP($A10,'Sales & Marketing'!$A$3:$D$50,3,FALSE),"") | I10: =IFERROR(VLOOKUP($A10,Security!$A$3:$D$50,3,FALSE),"")
A11: Cleanliness Satisfaction | B11: =IFERROR(VLOOKUP($A11,'Front Office'!$A$3:$D$50,3,FALSE),"") | C11: =IFERROR(VLOOKUP($A11,Housekeeping!$A$3:$D$50,3,FALSE),"") -> 95 | D11: =IFERROR(VLOOKUP($A11,'Food & Beverage'!$A$3:$D$50,3,FALSE),"") | E11: =IFERROR(VLOOKUP($A11,Engineering!$A$3:$D$50,3,FALSE),"") | F11: =IFERROR(VLOOKUP($A11,'Human Resources'!$A$3:$D$50,3,FALSE),"") | G11: =IFERROR(VLOOKUP($A11,Finance!$A$3:$D$50,3,FALSE),"") | H11: =IFERROR(VLOOKUP($A11,'Sales & Marketing'!$A$3:$D$50,3,FALSE),"") | I11: =IFERROR(VLOOKUP($A11,Security!$A$3:$D$50,3,FALSE),"")
A12: Complaint Resolution Time | B12: =IFERROR(VLOOKUP($A12,'Front Office'!$A$3:$D$50,3,FALSE),"") -> 83 | C12: =IFERROR(VLOOKUP($A12,Housekeeping!$A$3:$D$50,3,FALSE),"") | D12: =IFERROR(VLOOKUP($A12,'Food & Beverage'!$A$3:$D$50,3,FALSE),"") | E12: =IFERROR(VLOOKUP($A12,Engineering!$A$3:$D$50,3,FALSE),"") | F12: =IFERROR(VLOOKUP($A12,'Human Resources'!$A$3:$D$50,3,FALSE),"") | G12: =IFERROR(VLOOKUP($A12,Finance!$A$3:$D$50,3,FALSE),"") | H12: =IFERROR(VLOOKUP($A12,'Sales & Marketing'!$A$3:$D$50,3,FALSE),"") | I12: =IFERROR(VLOOKUP($A12,Security!$A$3:$D$50,3,FALSE),"")
A13: D&I Ratio | B13: =IFERROR(VLOOKUP($A13,'Front Office'!$A$3:$D$50,3,FALSE),"") | C13: =IFERROR(VLOOKUP($A13,Housekeeping!$A$3:$D$50,3,FALSE),"") | D13: =IFERROR(VLOOKUP($A13,'Food & Beverage'!$A$3:$D$50,3,FALSE),"") | E13: =IFERROR(VLOOKUP($A13,Engineering!$A$3:$D$50,3,FALSE),"") | F13: =IFERROR(VLOOKUP($A13,'Human Resources'!$A$3:$D$50,3,FALSE),"") -> 86 | G13: =IFERROR(VLOOKUP($A13,Finance!$A$3:$D$50,3,FALSE),"") | H13: =IFERROR(VLOOKUP($A13,'Sales & Marketing'!$A$3:$D$50,3,FALSE),"") | I13: =IFERROR(VLOOKUP($A13,Security!$A$3:$D$50,3,FALSE),"")
... A46: Variable Cost % | B46: =IFERROR(VLOOKUP($A46,'Front Office'!$A$3:$D$50,3,FALSE),"") | C46: =IFERROR(VLOOKUP($A46,Housekeeping!$A$3:$D$50,3,FALSE),"") | D46: =IFERROR(VLOOKUP($A46,'Food & Beverage'!$A$3:$D$50,3,FALSE),"") | E46: =IFERROR(VLOOKUP($A46,Engineering!$A$3:$D$50,3,FALSE),"") | F46: =IFERROR(VLOOKUP($A46,'Human Resources'!$A$3:$D$50,3,FALSE),"") | G46: =IFERROR(VLOOKUP($A46,Finance!$A$3:$D$50,3,FALSE),"") -> 77 | H46: =IFERROR(VLOOKUP($A46,'Sales & Marketing'!$A$3:$D$50,3,FALSE),"") | I46: =IFERROR(VLOOKUP($A46,Security!$A$3:$D$50,3,FALSE),"")

Sheet Scores
A1: Department | B1: Total KPIs | C1: OK | D1: Alerts | E1: Completion %
A2: Front Office | B2: 7 | C2: =COUNTIF('Front Office'!D3:D9,"OK") -> 5 | D2: =COUNTIF('Front Office'!D3:D9,"Alert") -> 2 | E2: =IF(B2=0,0,C2/B2*100) -> 71.428571
A3: Housekeeping | B3: 5 | C3: =COUNTIF(Housekeeping!D3:D7,"OK") -> 3 | D3: =COUNTIF(Housekeeping!D3:D7,"Alert") -> 2 | E3: =IF(B3=0,0,C3/B3*100) -> 60
A4: Food & Beverage | B4: 5 | C4: =COUNTIF('Food & Beverage'!D3:D7,"OK") -> 2 | D4: =COUNTIF('Food & Beverage'!D3:D7,"Alert") -> 3 | E4: =IF(B4=0,0,C4/B4*100) -> 40
A5: Engineering | B5: 5 | C5: =COUNTIF(Engineering!D3:D7,"OK") -> 2 | D5: =COUNTIF(Engineering!D3:D7,"Alert") -> 3 | E5: =IF(B5=0,0,C5/B5*100) -> 40
A6: Human Resources | B6: 5 | C6: =COUNTIF('Human Resources'!D3:D7,"OK") -> 3 | D6: =COUNTIF('Human Resources'!D3:D7,"Alert") -> 2 | E6: =IF(B6=0,0,C6/B6*100) -> 60
A7: Finance | B7: 7 | C7: =COUNTIF(Finance!D3:D9,"OK") -> 2 | D7: =COUNTIF(Finance!D3:D9,"Alert") -> 5 | E7: =IF(B7=0,0,C7/B7*100) -> 28.571429
A8: Sales & Marketing | B8: 5 | C8: =COUNTIF('Sales & Marketing'!D3:D7,"OK") -> 3 | D8: =COUNTIF('Sales & Marketing'!D3:D7,"Alert") -> 2 | E8: =IF(B8=0,0,C8/B8*100) -> 60
A9: Security | B9: 6 | C9: =COUNTIF(Security!D3:D8,"OK") -> 5 | D9: =COUNTIF(Security!D3:D8,"Alert") -> 1 | E9: =IF(B9=0,0,C9/B9*100) -> 83.333333
